Map: Pendiente de Agustín EE

Players

Fakku

  • Race: Protoss Protoss
  • Spawn Location: 11:00

mono

  • Race: Terran Terran
  • Spawn Location: 12:00

Chainz

  • Race: Terran Terran
  • Spawn Location: 12:00

TATORREA - Winner!

  • Race: Protoss Protoss
  • League: Silver
  • Spawn Location: 6:00

tigro - Winner!

  • Race: Terran Terran
  • League: Bronze
  • Spawn Location: 6:00

MrFercho - Winner!

  • Race: Terran Terran
  • League: Silver
  • Spawn Location: 5:00

VOD

Have the link to the VOD?

Description

Time

  • Played on: June 3, 2020, 9:10 p.m.
  • Length: 15:24
Show
View Real Time Build Order
Export as new Build Order

Fakku Protoss 

Build Orders:  

Get SALT Encoding   

  12  0:03  Probe  
  13  0:15  Probe  
  14  0:23  Pylon  
  14  0:27  Probe  
  15  0:41  Probe  
  16  0:44  Forge  
  16  0:53  Probe  
  17  0:57  Gateway  
  17  1:02  Assimilator  
  17  1:27  Gateway  
  17  1:30  Photon Cannon  
  17  1:33  Photon Cannon  
  17  1:44  Zealot  
  19  2:11  Zealot  
  19  2:13  Nexus  
  21  2:20  Probe  
  22  2:32  Probe  
  23  3:04  Pylon  
  23  3:07  Pylon  
  23  3:17  Assimilator  
  23  3:22  Probe, Zealot x2  
  23  3:26  Probe  
  29  3:34  Probe  
  30  3:38  Probe  
  30  3:40  Cybernetics Core  
  31  3:49  Zealot x2  
  31  3:50  Probe  
  36  3:58  Probe  
  36  4:02  Probe  
  38  4:03  Protoss Ground Weapons Level 1  
  38  4:11  Probe  
  38  4:14  Probe  
  38  4:16  Zealot  
  42  4:27  Probe  
  43  4:32  Adept  
  45  4:39  Probe  
  45  4:42  Warp Gate  
  45  4:43  Adept  
  48  4:47  Assimilator  
  48  4:51  Probe  
  49  5:03  Probe  
  49  5:34  Stalker  
  49  5:35  Zealot  
  50  6:02  Zealot  
  50  6:04  Stalker  
  54  6:11  Protoss Shields Level 1  
  54  6:48  Pylon  
  54  6:53  Pylon  
  54  6:57  Pylon  
  54  7:06  Stalker x2  
  58  7:11  Gateway  
  58  7:17  Gateway  
  58  7:20  Gateway  
  58  7:36  Stalker x2  
  62  7:42  Shield Battery  
  62  7:47  Twilight Council  
  62  7:48  Robotics Facility  
  62  7:50  Robotics Facility  
  62  7:54  Probe  
  62  7:56  Probe  
  64  8:06  Probe, Stalker  
  64  8:08  Probe  
  68  8:20  Protoss Ground Armor Level 1  
  68  8:21  Probe  
  69  8:33  Probe  
  70  8:38  Stalker x2  
  70  8:39  Stalker x2  
  78  8:47  Pylon  
  78  8:50  Pylon  
  78  8:52  Pylon  
  78  8:54  Pylon  
  78  8:57  Pylon x2  
  78  9:00  Pylon  
  78  9:04  Pylon  
  78  9:05  Probe  
  79  9:18  Probe  
  72  9:58  Stalker x5  
  82  10:01  Immortal  
  82  10:02  Immortal  
  90  10:21  Assimilator  
  90  10:28  Protoss Ground Weapons Level 2  
  90  10:41  Immortal x2  
  98  10:49  Nexus  
  98  10:54  Pylon  
  98  10:58  Pylon  
  98  10:59  Stalker x2  
  98  11:00  Stalker x3  
  108  11:20  Immortal  
  83  12:08  Stalker x4  
  89  12:09  Stalker  
  91  12:37  Immortal x2  
  73  13:05  Stalker  
  73  13:06  Stalker x3  
  73  13:10  Stalker  
  83  13:16  Immortal  
  87  13:24  Gateway  
  85  13:28  Gateway  
  81  13:35  Gateway  
  81  13:37  Probe  
  80  13:49  Probe  
  81  14:01  Probe  
  78  14:13  Probe  
Show
View Real Time Build Order
Export as new Build Order

mono Terran 

Build Orders: Reaper Expand 

Get SALT Encoding   

  12  0:14  Supply Depot  
  12  0:47  Barracks  
  12  1:00  Refinery  
  12  1:03  SCV  
  13  1:15  SCV  
  14  1:27  SCV  
  15  1:39  SCV  
  16  1:51  SCV  
  17  2:08  Reaper  
  18  2:32  Command Center  
  18  3:02  Refinery  
  18  3:05  Barracks Reactor  
  18  3:48  Orbital Command  
  18  3:50  Orbital Command  
  18  3:55  Marine  
  18  3:56  Marine  
  20  4:13  Marine  
  17  5:37  SCV  
  18  5:49  SCV  
  18  6:00  Marine  
  18  6:01  SCV, Marine  
  19  6:13  SCV  
  19  6:16  SCV  
  21  6:18  Marine x2  
  21  6:25  SCV  
  23  6:28  SCV  
  23  6:36  Marine x2  
  25  6:41  SCV  
  26  6:53  SCV  
  26  6:54  Marine x2  
  29  7:05  SCV  
  30  7:09  Factory  
  30  7:12  Marine x2  
  32  7:25  Supply Depot  
  32  7:29  Marine  
  32  7:30  Marine  
  34  7:48  Supply Depot  
  34  7:52  SCV  
  34  7:57  Factory  
  35  8:04  SCV  
  36  8:11  Armory  
  36  8:12  Supply Depot  
  36  8:16  SCV  
  37  8:28  SCV  
  38  8:35  Supply Depot  
  38  8:40  SCV  
  39  8:42  Factory  
  39  8:57  Supply Depot  
  39  8:59  SCV  
  40  9:04  SCV  
  40  9:09  Factory Tech Lab x2  
  41  9:11  SCV  
  41  9:16  SCV  
  43  9:20  Supply Depot  
  43  9:23  SCV  
  35  9:28  SCV  
  38  9:32  Factory Tech Lab  
  38  9:35  SCV, Siege Tank x2  
  44  9:41  SCV  
  44  9:43  Supply Depot  
  43  9:53  SCV  
  44  10:01  Siege Tank  
  47  10:07  Terran Vehicle Weapons Level 1, Siege Tank  
  47  10:08  Siege Tank  
  53  10:30  Refinery  
  53  10:33  Siege Tank  
  56  10:39  Siege Tank  
  56  10:40  Siege Tank  
  62  10:55  Refinery  
  62  11:05  Siege Tank  
  65  11:12  Siege Tank x2  
  56  11:37  Siege Tank  
  59  11:44  Siege Tank x2  
  59  12:01  Terran Ship Weapons Level 1  
  56  12:09  Siege Tank  
  56  12:16  Siege Tank  
  59  12:51  Siege Tank x3  
  62  13:23  Siege Tank  
  32  14:11  Siege Tank x2  
  38  14:18  Factory Tech Lab  
  38  14:41  Cyclone  
  38  14:43  Siege Tank x2  
Show
View Real Time Build Order
Export as new Build Order

Chainz Terran 

Build Orders:  

Get SALT Encoding   

  12  0:02  SCV  
  13  0:22  SCV  
  13  0:23  Supply Depot  
  14  0:35  SCV  
  15  0:50  Barracks  
  15  0:54  SCV  
  16  0:58  Refinery  
  16  1:09  SCV  
  17  1:24  SCV  
  18  1:42  Supply Depot  
  18  1:52  SCV  
  19  2:30  Command Center  
  19  2:31  Barracks Tech Lab  
  19  2:35  SCV  
  20  2:44  Bunker  
  20  2:47  Orbital Command  
  20  3:02  Combat Shield  
  20  3:03  Marine  
  21  3:19  Refinery  
  21  3:21  Marine  
  22  3:27  Factory  
  22  3:34  Engineering Bay  
  22  3:38  Engineering Bay  
  22  3:39  Marine  
  23  3:51  SCV  
  25  3:57  Marine  
  25  3:58  Orbital Command  
  25  4:17  Barracks  
  25  4:24  Factory Tech Lab  
  25  4:28  Factory  
  25  4:35  SCV  
  25  4:36  SCV  
  24  4:48  SCV  
  24  4:49  SCV  
  24  5:01  SCV  
  25  5:12  SCV  
  25  5:13  SCV  
  27  5:24  SCV  
  27  5:26  Marine  
  29  5:34  Stimpack  
  29  5:36  Terran Infantry Weapons Level 1, Terran Infantry Armor Level 1  
  29  5:39  Factory Tech Lab  
  29  5:44  Marine  
  30  6:02  Missile Turret, Marine  
  31  6:10  Siege Tank  
  33  6:13  Hellion  
  33  6:20  Marine  
  30  6:34  Hellion  
  30  6:38  Marauder  
  34  6:43  Hellion  
  34  6:59  Marine  
  35  7:02  SCV x2  
  37  7:11  Barracks Reactor  
  37  7:14  SCV  
  38  7:42  Supply Depot x2  
  38  7:57  SCV, Siege Tank x2  
  46  8:04  SCV  
  47  8:06  Supply Depot x2  
  47  8:09  SCV  
  47  8:10  Marine  
  47  8:11  Marine  
  50  8:14  Marauder  
  51  8:27  Concussive Shells  
  51  8:28  Marine  
  51  8:29  Supply Depot, Marine, Siege Tank x2  
  51  8:31  Supply Depot  
  59  8:35  Marauder  
  59  8:38  Starport  
  61  8:46  Marine x2  
  63  8:48  SCV  
  63  8:49  SCV  
  65  8:57  Marauder  
  65  8:59  Armory  
  65  9:01  SCV x2  
  69  9:04  Marine x2  
  70  9:13  SCV x2  
  61  9:40  Siege Tank  
  53  10:26  Barracks  
  53  10:46  SCV, Barracks  
  53  10:47  SCV  
  55  10:55  Marine  
  55  10:56  Marine  
  57  10:59  SCV x2  
  55  11:13  Marine  
  55  11:14  Marine  
  40  11:30  Marine  
  40  11:31  Marine  
  38  11:48  Starport, Marine  
  38  11:49  Marine  
  38  11:50  Starport  
  40  11:56  Barracks  
  40  12:01  Barracks  
  40  12:06  Marine  
  40  12:07  Marine  
  35  12:28  Viking  
  35  12:48  Viking  
  37  12:58  Viking  
  39  13:04  Barracks Reactor  
  39  13:05  Marine x3  
  42  13:23  Marine x3  
  45  13:28  Viking  
  44  13:40  Marine  
  44  13:41  Marine x2  
  40  13:51  Siege Tank  
  38  13:58  Viking, Marine  
  38  13:59  Marine x2  
  39  14:11  Marine x2  
  39  14:17  Marine  
  41  14:22  Marine x2  
  44  14:29  Marine x2  
  46  14:34  Marine  
  47  14:40  Viking, Marine x2  
  47  14:41  Viking  
  52  14:46  Marine  
  52  14:47  Marine  
  52  14:52  Marine  
  41  14:57  Marine x2  
  41  15:04  Marine x2  
Show
View Real Time Build Order
Export as new Build Order

TATORREA Protoss - Winner!

Build Orders:  

Get SALT Encoding   

  12  0:08  Probe  
  13  0:23  Probe (Chrono Boost)  
  14  0:28  Pylon  
  14  0:34  Probe (Chrono Boost)  
  15  0:46  Probe  
  16  0:58  Probe  
  17  1:05  Gateway  
  17  1:08  Gateway  
  17  1:10  Probe  
  18  1:23  Probe  
  19  1:26  Assimilator  
  19  1:35  Probe  
  20  2:03  Probe  
  20  2:04  Nexus  
  20  2:08  Cybernetics Core, Assimilator  
  21  2:20  Probe  
  22  2:26  Pylon  
  22  2:29  Pylon  
  22  2:33  Probe  
  22  2:45  Stalker  
  22  2:49  Warp Gate (Chrono Boost)  
  22  2:50  Probe  
  23  2:54  Stalker  
  27  3:06  Probe  
  28  3:17  Zealot  
  28  3:18  Pylon  
  28  3:19  Probe x2  
  30  3:21  Pylon  
  30  3:25  Zealot  
  34  3:32  Probe  
  34  3:33  Probe  
  36  3:45  Probe x2  
  38  3:57  Probe x2, Twilight Council  
  40  4:03  Forge  
  40  4:09  Probe x2  
  42  4:21  Probe x2  
  44  4:30  Stalker  
  46  4:32  Robotics Facility  
  46  4:33  Probe x2  
  46  4:34  Stargate  
  45  4:57  Probe  
  46  5:01  Probe  
  46  5:05  Assimilator  
  47  5:07  Assimilator  
  47  5:08  Stalker x2  
  47  5:09  Probe  
  47  5:13  Probe  
  53  5:18  Gateway  
  53  5:20  Gateway  
  53  5:22  Probe  
  53  5:23  Gateway  
  53  5:25  Probe  
  55  5:39  Probe x2  
  57  5:42  Void Ray  
  57  5:48  Warp Prism  
  63  5:51  Probe  
  56  6:25  Phoenix  
  54  6:52  Stalker  
  54  6:53  Stalker x4  
  62  7:05  Gateway  
  62  7:09  Gateway  
  62  7:14  Pylon  
  62  7:17  Pylon  
  62  7:21  Pylon  
  62  7:24  Pylon, Zealot x4  
  62  7:27  Pylon  
  70  7:31  Nexus  
  70  7:47  Probe x2  
  70  7:49  Immortal  
  76  7:55  Charge  
  76  7:56  Pylon  
  76  7:59  Probe x2  
  76  8:00  Pylon, Protoss Ground Weapons Level 1 (Chrono Boost)  
  76  8:02  Robotics Bay  
  78  8:06  Fleet Beacon  
  78  8:10  Zealot  
  78  8:11  Probe x2, Zealot  
  78  8:12  Zealot  
  86  8:23  Probe x2  
  88  8:35  Probe  
  89  8:43  Gateway  
  89  8:45  Gateway  
  89  8:49  Gateway  
  89  8:51  Gateway  
  89  8:54  Gateway  
  89  8:56  Gateway  
  89  9:06  Protoss Air Weapons Level 1  
  89  9:08  Zealot  
  89  9:09  Zealot x4  
  99  9:10  Zealot x2  
  63  9:51  Stalker x2  
  63  9:52  Stalker x3  
  63  9:53  Stalker x3  
  63  9:54  Stalker x4  
  79  10:01  Colossus  
  79  10:03  Extended Thermal Lance  
  79  10:05  Anion Pulse-Crystals  
  88  10:17  Probe x2  
  88  10:18  Probe  
  88  10:28  Assimilator  
  88  10:29  Probe x2  
  88  10:30  Probe, Assimilator  
  91  10:37  Stalker x2  
  91  10:38  Stalker x3  
  91  10:40  Zealot  
  91  10:41  Probe  
  91  10:42  Probe x2  
  106  10:48  Sentry  
  106  10:49  Sentry x2  
  112  10:59  Templar Archives  
  112  11:43  Stalker x2  
  112  11:44  Stalker  
  112  11:45  Stalker  
  112  11:46  Zealot  
  122  11:47  Zealot, Nexus  
  122  11:48  Zealot  
  122  11:49  Zealot  
  128  11:57  Protoss Ground Weapons Level 2  
  128  12:00  Blink  
  128  12:05  Stargate  
  128  12:07  Stargate  
  128  12:23  High Templar  
  128  12:24  High Templar x2  
  128  12:25  High Templar  
  128  12:27  High Templar  
  128  12:29  High Templar  
  140  12:31  Protoss Air Weapons Level 2  
  140  12:42  Pylon  
  140  12:46  Pylon  
  140  12:53  Pylon  
  140  12:55  Psionic Storm  
  140  12:56  Pylon  
  140  12:59  Pylon  
  140  13:03  Pylon  
  140  13:05  Pylon  
  140  13:09  Pylon  
  140  13:12  Pylon  
  144  13:13  Immortal  
  144  13:16  Pylon  
  144  13:17  Gravitic Boosters  
  144  13:26  Zealot x5  
  154  13:27  Zealot x4  
  154  13:28  Zealot x3  
  154  13:29  Zealot  
  162  13:51  Colossus  
  130  14:14  Gravitic Drive  
  106  14:41  Zealot x3  
  106  14:42  Zealot x4  
  106  14:43  Zealot x2  
  106  14:45  Zealot x2  
Show
View Real Time Build Order
Export as new Build Order

tigro Terran - Winner!

Build Orders:  

Get SALT Encoding   

  12  0:02  SCV  
  13  0:14  SCV  
  14  0:23  Supply Depot  
  14  0:32  SCV  
  15  0:40  Refinery  
  15  0:45  SCV  
  16  0:57  SCV  
  16  0:58  Barracks  
  17  1:08  Refinery  
  17  1:09  SCV  
  18  1:21  SCV  
  19  1:29  Supply Depot  
  19  1:33  SCV  
  20  1:45  SCV  
  21  1:48  Marine  
  22  1:58  SCV  
  23  2:06  Marine  
  23  2:07  Barracks  
  24  2:10  SCV  
  25  2:24  Marine  
  25  2:28  SCV  
  27  2:34  Engineering Bay  
  27  2:41  Orbital Command  
  27  2:42  Marine  
  28  2:59  Barracks Tech Lab  
  28  3:00  Marine  
  29  3:08  Factory  
  29  3:33  Command Center  
  29  3:35  Barracks Tech Lab  
  29  3:38  Combat Shield  
  29  3:43  Terran Infantry Weapons Level 1  
  29  4:04  Stimpack  
  29  4:25  Missile Turret, Factory Tech Lab  
  29  4:27  Marine  
  30  4:44  Marine  
  31  4:46  Missile Turret  
  31  4:57  Concussive Shells  
  31  5:00  Refinery  
  31  5:03  SCV  
  32  5:09  Missile Turret  
  32  5:15  SCV  
  32  5:20  Starport  
  33  5:27  SCV  
  34  5:38  Terran Infantry Armor Level 1  
  34  5:39  SCV  
  34  5:42  Refinery  
  35  5:51  SCV  
  36  5:58  Armory  
  36  6:09  Medivac  
  38  6:12  Siege Tank  
  41  6:22  Marine x2  
  43  6:39  Medivac  
  45  6:40  Marine x2  
  47  6:58  Marine x2  
  49  7:15  Marine  
  49  7:16  Marine  
  49  7:19  Starport Tech Lab  
  51  7:24  Fusion Core  
  51  7:32  Neosteel Armor  
  51  7:33  Marine x2  
  53  7:51  Marine  
  53  7:54  Marine  
  55  8:09  Command Center, Marine  
  55  8:12  Marine  
  57  8:27  Marine, Siege Tank  
  57  8:29  Marine  
  57  8:31  Weapon Refit  
  62  8:40  Supply Depot  
  62  8:52  Missile Turret  
  62  9:01  Marine x2  
  62  9:02  Supply Depot, Siege Tank  
  67  9:12  Missile Turret, Hi-Sec Auto Tracking  
  67  9:21  Battlecruiser  
  40  10:05  Marine x2  
  42  10:08  Terran Infantry Weapons Level 2  
  42  10:23  Marine x2  
  42  10:25  Medivac  
  46  10:41  Marine x2  
  48  10:51  Planetary Fortress  
  48  10:55  Battlecruiser  
  48  10:56  Refinery  
  54  10:57  SCV  
  54  10:59  Marine x2  
  57  11:05  Refinery  
  57  11:10  SCV  
  58  11:17  Marine x2  
  60  11:22  SCV  
  61  11:34  SCV  
  57  11:46  SCV  
  52  11:59  Medivac  
  52  12:12  Marine  
  52  12:13  Marine  
  54  12:30  Marine x2  
  48  12:48  Marine x2  
  48  13:06  Marine x2  
  48  13:10  Battlecruiser  
  56  13:23  Siege Tank  
  56  13:24  Marine x2  
  53  13:42  Marine x2  
  54  13:55  Siege Tank  
  54  13:59  Marine x2  
  56  14:11  SCV  
  56  14:14  Medivac  
  59  14:23  SCV, Marine x2  
  62  14:35  SCV  
  63  14:41  Marine x2  
  71  14:47  SCV  
  72  14:59  SCV, Marine x2  
Show
View Real Time Build Order
Export as new Build Order

MrFercho Terran - Winner!

Build Orders: Mech 

Get SALT Encoding   

  12  0:02  SCV  
  13  0:14  SCV  
  14  0:26  SCV  
  14  0:27  Supply Depot  
  15  0:49  SCV  
  16  0:57  Barracks  
  16  1:07  Supply Depot  
  16  1:08  SCV  
  17  1:12  Refinery  
  17  1:15  Refinery  
  17  1:20  SCV  
  18  1:32  SCV  
  19  1:51  Barracks Tech Lab  
  19  1:56  Command Center  
  19  2:06  Supply Depot, Orbital Command  
  19  2:16  Combat Shield  
  19  2:20  Marine  
  20  2:42  Reaper  
  20  2:43  Engineering Bay  
  21  2:51  SCV  
  22  3:03  SCV  
  23  3:14  Reaper  
  23  3:15  SCV  
  23  3:16  Factory  
  25  3:55  Orbital Command  
  25  3:59  Refinery  
  25  4:02  SCV  
  26  4:14  SCV  
  27  4:19  Factory Tech Lab  
  27  4:25  Refinery  
  27  4:26  SCV  
  28  4:38  SCV  
  29  4:51  SCV  
  29  5:55  Reaper  
  29  6:07  Factory  
  29  6:10  Factory  
  29  6:12  Starport  
  29  6:14  Starport  
  30  6:18  SCV  
  30  6:20  Starport  
  30  6:24  SCV  
  31  6:27  Reaper  
  31  6:30  SCV  
  33  6:36  SCV  
  33  6:38  Armory  
  33  6:39  Terran Infantry Weapons Level 1  
  34  6:42  SCV  
  35  6:49  SCV  
  36  6:54  SCV  
  36  6:59  Reaper, Siege Tank  
  36  7:01  SCV  
  42  7:07  SCV  
  43  7:13  SCV  
  44  7:18  Command Center  
  44  7:24  Refinery  
  44  7:26  Refinery  
  44  7:27  Factory Reactor  
  44  7:28  Factory Reactor  
  44  7:31  Reaper, Siege Tank  
  48  7:37  Terran Vehicle Weapons Level 1  
  48  7:44  SCV  
  48  7:45  SCV  
  50  7:57  SCV x2  
  52  8:03  Reaper  
  53  8:07  Starport Reactor x2  
  53  8:08  Starport Reactor  
  53  8:09  SCV  
  54  8:24  Supply Depot  
  54  8:25  Supply Depot  
  54  8:27  Supply Depot  
  54  8:28  Supply Depot  
  54  8:30  SCV x2, Siege Tank  
  54  8:31  Supply Depot  
  59  8:35  Supply Depot  
  59  8:37  Terran Infantry Weapons Level 2  
  59  8:42  SCV x2  
  61  8:48  Supply Depot  
  61  8:49  Supply Depot  
  61  8:51  Supply Depot  
  57  9:30  Widow Mine  
  57  9:31  Widow Mine x4  
  66  9:35  Liberator  
  66  9:36  Liberator x5  
  84  9:45  Fusion Core  
  84  9:59  Orbital Command  
  84  10:12  Drilling Claws  
  84  10:18  Liberator  
  84  10:19  Liberator  
  90  10:48  Viking  
  90  10:49  Viking x3  
  98  11:01  Viking  
  98  11:02  Viking  
  102  11:18  Viking  
  102  11:19  Viking x3  
  110  11:31  Viking  
  110  11:32  Viking  
  111  11:39  Advanced Ballistics  
  108  11:43  Terran Ship Weapons Level 1  
  74  13:10  Liberator  
  74  13:11  Liberator x5  
  75  13:43  Widow Mine x5  
  85  13:53  Liberator  
  85  13:54  Liberator x3  
  97  14:01  Armory  
  97  14:04  Widow Mine x3  
  97  14:05  Widow Mine x2  
  107  14:25  Widow Mine  
  107  14:26  Widow Mine x4  
  117  14:47  Widow Mine x5  
Tags
 
Add a new tag
Caveats
  • Supply blocks, unpowered buildings, or Contaminate may cause inaccurate times.
  • Supply counts are checked every 10 seconds.